 Dungeon Crawl Stone Soup version 0.23.2-40-g277498a001 (webtiles) character file.

Game seed: 3373021363925492063

568 FishyPogo the Conjurer (level 7, -1/36 HPs)
             Began as an Octopode Conjurer on Aug 13, 2019.
             Was a Follower of Hepliaklqana.
             Slain by a sky beast (6 damage)
             ... on level 5 of the Dungeon.
             The game lasted 00:19:36 (3511 turns).

FishyPogo the Conjurer (Octopode Conjurer)          Turns: 3511, Time: 00:19:37

Health: -1/36      AC:  1    Str: 11    XL:     7   Next: 33%
Magic:  2/12       EV: 15    Int: 19    God:    Hepliaklqana [*.....]
Gold:   170        SH:  0    Dex: 13    Spells: 4/13 levels left

rFire    + . .     SeeInvis .   a - +3 short sword (protect)
rCold    . . .     Gourm    .   (no shield)
rNeg     . . .     Faith    .   (helmet restricted)
rPois    .         Spirit   .   p - amulet of regeneration
rElec    .         Reflect  .   x - ring of protection from magic
rCorr    .         Harm     .   y - +4 ring of strength
MR       +....                  z - ring of protection from fire
Stlth    +++.......             (no ring)
HPRegen  0.52/turn              (no ring)
MPRegen  0.13/turn              (no ring)
                                (no ring)
                                (no ring)

@: no status effects
A: almost no armour, stealthy swim, amphibious, 8 rings, constrict 8, reduced
essence, camouflage 1, gelatinous body 1
a: Recall Ancestor, Ancestor Identity, Renounce Religion


You were on level 5 of the Dungeon.
You worshipped Hepliaklqana.
Hepliaklqana was aware of your devotion.
You were very hungry.

You visited 2 branches of the dungeon, and saw 6 of its levels.

You collected 170 gold pieces.

Inventory:

Hand Weapons
 a - a +3 short sword of protection (weapon)
 b - a +2 short sword of electrocution
 h - a +0 vampiric spear
Jewellery
 p - an amulet of regeneration (around mantle)
 x - a ring of protection from magic (left tentacle)
 y - a +4 ring of strength (right tentacle)
 z - a ring of protection from fire (on tentacle)
Wands
 k - a wand of iceblast (9)
 u - a wand of disintegration (7)
Scrolls
 c - 4 scrolls of remove curse {unknown}
 d - 3 scrolls of fear {unknown}
 g - 5 scrolls of identify {unknown}
 m - 2 scrolls of fog
 n - 2 scrolls of teleportation {unknown}
 s - 3 scrolls of immolation {unknown}
 v - a scroll of noise {unknown}
 w - a scroll of blinking {unknown}
Potions
 e - 3 potions of lignification {unknown}
 f - a potion of flight {unknown}
 i - 2 potions of degeneration {unknown}
 j - 3 potions of invisibility {unknown}
 l - a potion of might {unknown}
 q - 3 potions of curing {unknown}
 r - 2 potions of mutation {unknown}
 t - a potion of agility {unknown}
Comestibles
 o - 6 rations


   Skills:
 + Level 4.0 Dodging
 - Level 4.0 Stealth
 + Level 3.6 Spellcasting
 * Level 6.4 Conjurations
 + Level 1.3 Invocations
 + Level 1.1 Evocations


You had 4 spell levels left.
You knew the following spells:

 Your Spells              Type           Power        Failure   Level  Hunger
a - Magic Dart            Conj           ####         1%          1    None
b - Iskenderun's Mystic   Conj           ####....     10%         4    ####...
c - Force Lance           Conj/Tloc      ###.....     36%         4    ####...

Your spell library contained the following spells:

 Spells                   Type           Power        Failure   Level  Hunger
 Searing Ray              Conj           ####..       1%          2    ##.....
 Dazzling Spray           Conj/Hex       ###...       12%         3    ###....
 Fulminant Prism          Conj/Hex       ###.......   36%         4    ####...


Dungeon Overview and Level Annotations

Branches:
Dungeon (5/15)             Temple (1/1) D:4

Altars:
Ashenzari
Cheibriados
Dithmenos
Elyvilon
Fedhas
Gozag
Hepliaklqana
Kikubaaqudgha
Makhleb
Qazlal
Ru
Trog
Uskayaw
Wu Jian
Xom
The Shining One

Shops:
D:4 %(

Annotations:
D:3 exclusion: hound


Innate Abilities, Weirdness & Mutations

You cannot wear most types of armour.
You are very stealthy in the water. (Stealth+)
You are amphibious.
You can wear up to eight rings at the same time.
You can use your tentacles to constrict eight enemies at once.
Your skin changes colour to match your surroundings (Stealth+).
Your rubbery body absorbs attacks. (AC +1, EV +1)
Your life essence is reduced to manifest your ancestor. (-10% HP)


Message History

Aim: a sky beast (almost dead)
The magic dart hits the sky beast.
The sky beast is almost dead.
You are feeling very hungry.
The sky beast flickers out of sight!
Deactivating autopickup; reactivate with Ctrl-A.
Something closely misses you.
You miss something. Your squeeze misses something. Something hits you.
Something shocks you.
You hit something but do no damage.
Your weapon exudes an aura of protection.
Something hits you but does no damage.
You closely miss something. Your squeeze misses something. Something hits you.
Something shocks you.
* * * LOW HITPOINT WARNING * * *
You closely miss something. Something hits you but does no damage.
You closely miss something. Something hits you.
* * * LOW HITPOINT WARNING * * *
Something shocks you.
You die...

............##
....###..####
....##...# ..)......#
.........#
.....###.###########
...................#
....####.#.#[#.#.#.##
.... #.>..%..{@..=#
#.....#.#.#.#..#
#..............#
#.....#.#.#.#..#
#.............%#
.......#?#.#>#.^#
.#.##...........# ..
#...........#


There were no monsters in sight!

Vanquished Creatures
  Grinder (D:4)
  A big kobold (D:4)
  A scorpion (D:4)
  A hound (D:4)
  Jessica (D:2)
  6 adders
  An ooze (D:2)
  An adder skeleton (D:4)
  A dart slug (D:2)
  A worm (D:2)
  3 leopard geckos
  7 orcs (D:3)
  A giant cockroach (D:2)
  8 goblins
  9 hobgoblins
  2 jackals (D:4)
  A quokka (D:4)
  7 bats
  5 frilled lizards
  7 kobolds
  12 rats
77 creatures vanquished.

Vanquished Creatures (collateral kills)
  A centaur skeleton (D:4)
  An ooze (D:4)
  A worm (D:4)
  A dart slug (D:4)
  2 jackals (D:4)
6 creatures vanquished.

Vanquished Creatures (others)
  An ancestor (D:5)
1 creature vanquished.

Grand Total: 84 creatures vanquished

Notes
Turn   | Place    | Note
-------+----------+-------------------------------------------
     0 | D:1      | FishyPogo the Octopode Conjurer began the quest for the
                  | Orb.
     0 | D:1      | Reached XP level 1. HP: 11/11 MP: 3/3
   384 | D:1      | Reached XP level 2. HP: 17/17 MP: 3/5
   802 | D:2      | Reached XP level 3. HP: 21/21 MP: 3/6
  1175 | D:2      | Reached XP level 4. HP: 27/27 MP: 7/7
  1219 | D:2      | Found a blossoming altar of Fedhas.
  1225 | D:2      | Learned a level 4 spell: Iskenderun's Mystic Blast
  1492 | D:2      | Noticed Jessica
  1502 | D:2      | Killed Jessica
  2116 | D:3      | Reached skill level 5 in Conjurations
  2116 | D:3      | Reached XP level 5. HP: 23/31 MP: 7/9
  2146 | D:3      | Learned a level 4 spell: Force Lance
  2227 | D:3      | Found a hide-covered altar of Uskayaw.
  2608 | D:4      | Found Zusech's Antique Weapon Shoppe.
  2608 | D:4      | Noticed Grinder
  2613 | D:4      | Killed Grinder
  2613 | D:4      | Reached XP level 6. HP: 28/36 MP: 9/11
  2658 | D:4      | Found a staircase to the Ecumenical Temple.
  2663 | Temple   | Entered the Ecumenical Temple
  2889 | Temple   | Became a worshipper of Hepliaklqana the Forgotten
  2941 | D:4      | Reached skill level 6 in Conjurations
  3125 | D:4      | Found Ozxu's Food Boutique.
  3243 | D:4      | Reached XP level 7. HP: 35/36 MP: 9/12
  3266 | D:4      | Reached * piety under Hepliaklqana
  3291 | D:4      | Reached skill level 1 in Invocations
  3291 | D:4      | Reached skill level 1 in Evocations
  3417 | D:5      | Entered Level 5 of the Dungeon
  3511 | D:5      | Slain by a sky beast

Skill      XL: |  1  2  3  4  5  6  7 |
---------------+----------------------+-----
Stealth        | 3 4 |  4.0
Conjurations   | 5 6 |  6.4
Dodging        | 3 4 |  4.0
Spellcasting   | 3 |  3.6
Invocations    | 1 |  1.3
Evocations     | 1 |  1.1

Action                   |  1- 3 |  4- 6 |  7- 9 || total
-------------------------+-------+-------+-------++-------
Melee: Short sword       |    30 |    46 |    16 ||    92
       Constrict         |     8 |    11 |     3 ||    22
       Tentacles         |     3 |     4 |     2 ||     9
 Cast: Magic Dart        |    51 |    60 |     8 ||   119
       Force Lance       |       |       |     2 ||     2
  Use: Scroll            |       |     4 |       ||     4
 Stab: Sleeping          |     9 |     7 |     1 ||    17
  Eat: Chunk             |     1 |     7 |       ||     8
Armor: Skin              |     3 |     4 |     4 ||    11
Dodge: Dodged            |    10 |    40 |     7 ||    57
